 Dungeon Crawl Stone Soup version 0.31-a0-233-g139696dc86 (webtiles) character file.

Game seed: 15313529077142528889

39 qw the Shooter (level 3, -1/29 HPs)
             Began as a Minotaur Hexslinger on July 7, 2023.
             Slain by an iguana (5 damage)
             ... on level 4 of the Dungeon.
             The game lasted 00:00:44 (2571 turns).

qw the Shooter (Minotaur Hexslinger)                Turns: 2571, Time: 00:00:45

Health: -1/29      AC:  8    Str: 12    XL:     3   Next: 26%
Magic:  3/3        EV: 11    Int: 10    God:
Gold:   115        SH:  0    Dex: 14    Spells: 3/4 levels left

rFire   . . .        Y - +1 sling
rCold   . . .        (no shield)
rNeg    . . .        e - +0 ring mail
rPois   .            (helmet restricted)
rElec   .            (no cloak)
rCorr   .            (no gloves)
SInv    .            d - +2 pair of boots
Will    .....        (no amulet)
Stlth   +            (no ring)
HPRegen 0.24/turn    (no ring)
MPRegen 0.08/turn

%: no passive effects
@: no status effects
A: horns 2, retaliatory headbutt
a: no special abilities


You were on level 4 of the Dungeon.
You visited 1 branch of the dungeon, and saw 4 of its levels.

You collected 115 gold pieces.


Innate Abilities, Weirdness & Mutations

You have a pair of horns on your head.
You reflexively headbutt those who attack you in melee.


   Skills:
 - Level 2.0 Fighting
 + Level 3.8 Ranged Weapons
 - Level 2.1 Dodging
 - Level 1.0 Spellcasting
 - Level 2.0 Hexes


You had 3 spell levels left.
You knew the following spells:

 Your Spells              Type           Power      Damage    Failure   Level
a - Slow                  Hex            16%        N/A       34%         1

Your spell library contained the following spells:

 Spells                   Type           Power      Damage    Failure   Level
 Inner Flame              Hex/Fire       2%         N/A       83%         3
 Portal Projectile        Hex/Tloc       4%         N/A       83%         3
 Cause Fear               Hex            2%         N/A       98%         4

Inventory:

Hand Weapons
 Y - a +1 sling (weapon)
Armour
 d - a +2 pair of boots (worn)
 e - a +0 ring mail (worn)
Potions
 a - a potion of haste {unknown}
 b - a potion of attraction {unknown}
 c - a potion of enlightenment {unknown}
 g - a potion of mutation {unknown}
 h - a potion of heal wounds {unknown}
 k - a potion of curing {unknown}

Dungeon Overview and Level Annotations

Branches:
Dungeon (4/15)
 Temple: D:4-7

Altars:
Elyvilon
Fedhas
Kikubaaqudgha

Shops:
D:3 =


Message History

What level of the Dungeon? (default 1, ? - help)
There is a stone staircase leading down here.
You climb downwards.
There is a stone staircase leading up here.
A hobgoblin comes into view.
The hobgoblin shouts!
You hear an angry hiss.
You shoot a sling bullet. The sling bullet hits the hobgoblin.
You kill the hobgoblin!
An iguana comes into view.
You shoot a sling bullet. The sling bullet hits the iguana.
The iguana is lightly wounded.
You shoot a sling bullet.
The sling bullet barely misses the iguana.
You shoot a sling bullet.
The sling bullet hits the iguana but does no damage.
The iguana is lightly wounded.
You shoot a sling bullet.
The sling bullet hits the iguana but does no damage.
The iguana is lightly wounded.
The iguana bites you.
You shoot a sling bullet. The sling bullet hits the iguana.
The iguana is moderately wounded.
The iguana bites you!
You shoot a sling bullet. The sling bullet hits the iguana.
The iguana is moderately wounded.
The iguana closely misses you.
You shoot a sling bullet.
The sling bullet closely misses the iguana.
The iguana bites you! x2
You shoot a sling bullet.
The sling bullet barely misses the iguana.
The iguana barely misses you.
You shoot a sling bullet.
The sling bullet closely misses the iguana.
The iguana bites you but does no damage.
You shoot a sling bullet. The sling bullet hits the iguana.
The iguana is heavily wounded.
The iguana bites you but does no damage.
The iguana bites you.
You die...

#. #. #
###.######.# # .
........ # #.#
#.#... .. #.#
#.#.###.##
###.#.###........#
#.@###.......# #.
#l#.#<###.#.<##....
#.##............#
#. ######.#..####
.. #.#..# .. ..#..#
... .#.#... ###
#.#.##.## #.#


You could see an iguana.

Vanquished Creatures
  An adder (D:3)
  3 endoplasms
  4 giant cockroaches
  A goblin (D:1)
  5 hobgoblins
  A kobold (D:2)
  A quokka (D:1)
  3 ball pythons
  3 bats
  3 frilled lizards
  3 rats (D:1)
28 creatures vanquished.

Notes
Turn   | Place    | Note
-------+----------+-------------------------------------------
     0 | D:1      | qw the Minotaur Hexslinger began the quest for the Orb.
     0 | D:1      | Reached XP level 1. HP: 16/16 MP: 1/1
     0 | D:1      | 0 ||| qw: Version: 0.3-a-46-gb1f654a
     0 | D:1      | 0 ||| qw: Game counter: 3007
     0 | D:1      | 0 ||| qw: Melee chars always use a shield: true
     0 | D:1      | 0 ||| qw: God list: Okawaru
     0 | D:1      | 0 ||| qw: Allow faded altars: false
     0 | D:1      | 0 ||| qw: Do Orc after clearing Dungeon:15 true
     0 | D:1      | 0 ||| qw: Do second Lair branch before Depths: true
     0 | D:1      | 0 ||| qw: Lair rune preference: random
     0 | D:1      | 0 ||| qw: Goals: Normal
     0 | D:1      | 0 ||| PLANNING D:1-11
   492 | D:1      | Reached skill level 3 in Ranged Weapons
   555 | D:1      | Reached XP level 2. HP: 21/23 MP: 2/2
   792 | D:1      | 792 ||| UPGRADING to +0 ring mail.
   802 | D:1      | 802 ||| DROPPING +0 robe.
   803 | D:1      | 803 ||| READING scroll labelled UKHLUH VUSEWAM.
   804 | D:1      | 804 ||| READING scroll labelled TUEKUT YGG.
   905 | D:1      | 905 ||| READING 2 scrolls labelled PUDEL HOSEWKOO.
   906 | D:1      | 906 ||| DRINKING 2 silvery potions.
   951 | D:1      | 951 ||| DROPPING scroll of poison.
   952 | D:1      | 952 ||| DROPPING potion of lignification.
   953 | D:1      | 953 ||| DROPPING scroll of revelation.
  1495 | D:2      | 1495 ||| READING scroll labelled RAICLEXIMN.
  1539 | D:2      | 1539 ||| READING scroll labelled MOID FUEF GAKH.
  1540 | D:2      | 1540 ||| DRINKING 2 brown potions.
  1541 | D:2      | 1541 ||| DROPPING potion of invisibility.
  1659 | D:3      | Found a faded altar of an unknown god.
  1837 | D:3      | Reached XP level 3. HP: 13/29 MP: 3/3
  1992 | D:3      | Found an ancient bone altar of Kikubaaqudgha.
  1994 | D:3      | Found a white marble altar of Elyvilon.
  2012 | D:3      | Found Ugricw's Jewellery Boutique.
  2023 | D:3      | 2023 ||| SHOPLISTING amulet of faith (400 gold, have 99).
  2023 | D:3      | 2023 ||| SHOPLISTING amulet of the acrobat (300 gold, have
                  | 99).
  2023 | D:3      | 2023 ||| SHOPLISTING ring of fire (250 gold, have 99).
  2023 | D:3      | 2023 ||| SHOPLISTING ring of positive energy (200 gold,
                  | have 99).
  2023 | D:3      | 2023 ||| SHOPLISTING ring of see invisible (150 gold, have
                  | 99).
  2023 | D:3      | 2023 ||| SHOPLISTING ring of willpower (250 gold, have 99).
  2070 | D:3      | Found a blossoming altar of Fedhas.
  2411 | D:3      | 2411 ||| READING scroll labelled ARGHUH ENAE.
  2444 | D:4      | 2444 ||| STAIRDANCE
  2448 | D:4      | 2448 ||| STAIRDANCE
  2452 | D:4      | 2452 ||| STAIRDANCE
  2456 | D:4      | 2456 ||| STAIRDANCE
  2460 | D:4      | 2460 ||| STAIRDANCE
  2464 | D:4      | 2464 ||| STAIRDANCE
  2468 | D:4      | 2468 ||| STAIRDANCE
  2472 | D:4      | 2472 ||| STAIRDANCE
  2476 | D:4      | 2476 ||| STAIRDANCE
  2480 | D:4      | 2480 ||| STAIRDANCE
  2484 | D:4      | 2484 ||| STAIRDANCE
  2488 | D:4      | 2488 ||| STAIRDANCE
  2492 | D:4      | 2492 ||| STAIRDANCE
  2496 | D:4      | 2496 ||| STAIRDANCE
  2500 | D:4      | 2500 ||| STAIRDANCE
  2504 | D:4      | 2504 ||| STAIRDANCE
  2508 | D:4      | 2508 ||| STAIRDANCE
  2512 | D:4      | 2512 ||| STAIRDANCE
  2516 | D:4      | 2516 ||| STAIRDANCE
  2520 | D:4      | 2520 ||| STAIRDANCE
  2542 | D:3      | 2542 ||| UPGRADING to +2 pair of boots.
  2568 | D:4      | HP: 3/29 [iguana (9)]
  2571 | D:4      | Slain by an iguana

Levels and vault maps discovered:
D:1:      dpeg_arrival_pits, layout_basic
D:2:      layout_basic
D:3:      layout_basic, nicolae_overflow_hidden_temple, lemuel_doored_altar,
          serial_shops, nicolae_shop_crystal, basic_ecumenical_altar
D:4:      layout_loops_ring

Skill      XL: |  1  2 |
---------------+-------+-----
Ranged Weapons | 3 |  3.8
Fighting       | 2 |  2.0
Dodging        | |  2.1
Spellcasting   | |  1.0
Hexes          | |  2.0

Action                     || total
---------------------------++-------
   Fire: Sling             ||    97
    Use: Scroll            ||     6
         Potion            ||     2
 Armour: Robe              ||     1
         Ring mail         ||    13
  Dodge: Dodged            ||    24

Table legend:
 A = Non-vault XP
 B = Vault XP
 C = Vault XP percentage of total XP
 D = Non-vault monster count
 E = Vault monster count
 F = Vault count percentage of total count
                 A         B        C        D         E       F
            +---------+---------+-------+---------+---------+-------
      Total |      56 |       0 |   0.0 |      28 |       0 |   0.0
            +---------+---------+-------+---------+---------+-------
        D:1 |      16 |       0 |   0.0 |      10 |       0 |   0.0
        D:2 |      12 |       0 |   0.0 |       7 |       0 |   0.0
        D:3 |      26 |       0 |   0.0 |      10 |       0 |   0.0
        D:4 |       2 |       0 |   0.0 |       1 |       0 |   0.0
            +---------+---------+-------+---------+---------+-------
